2877 views
Uploaded 2020-03-13 19:42:31
Game version 1.32.2
14:09 long 3on3 ladder game on (6)GnollWood
Saved by BEARAND
2877 views
Uploaded 2020-03-13 19:42:31
Game version 1.32.2
14:09 long 3on3 ladder game on (6)GnollWood


59 units @ 5.3k
/ 0.3k
96 buildings @ 7.2k
/ 3.6k

| Healing Salve | 2 | 200 |
| Lesser Clarity Potion | 3 | 210 |
| Boots of Speed | 1 | 250 |
| Staff of Teleportation | 1 | 150 |
| total: | 7 | 810g |
| Peon | 11 | 825 | / | 0 |
| Raider | 8 | 1440 | / | 320 |
| total: | 19 | 2265g | / | 320w |
| Watch Tower | 7 | 770 | / | 560 |
| Altar of Storms | 1 | 180 | / | 50 |
| Orc Burrow | 4 | 640 | / | 160 |
| War Mill | 1 | 205 | / | 0 |
| Voodoo Lounge | 1 | 130 | / | 30 |
| Beastiary | 2 | 290 | / | 280 |
| Stronghold | 1 | 315 | / | 190 |
| Fortress | 1 | 325 | / | 190 |
| total: | 16 | 2215g | / | 1080w |
| 0:01 | Peon |
| 0:03 | Altar of Storms |
| 0:07 | Peon |
| 0:23 | Orc Burrow |
| 0:32 | Peon |
| 0:41 | Peon |
| 0:50 | War Mill |
| 0:51 | Peon |
| 1:05 | Voodoo Lounge |
| 1:15 | Peon |
| 1:33 | Peon |
| 1:33 | Peon |
| 1:53 | Peon |
| 2:02 | Watch Tower |
| 2:06 | Peon |
| 2:11 | Wind Walk |
| 2:13 | Healing Salve |
| 2:13 | Lesser Clarity Potion |
| 2:14 | Healing Salve |
| 2:14 | Lesser Clarity Potion |
| 2:20 | Watch Tower |
| 2:21 | Watch Tower |
| 2:28 | Peon |
| 2:39 | Watch Tower |
| 3:09 | Stronghold |
| 3:21 | Orc Burrow |
| 3:45 | Watch Tower |
| 4:06 | Watch Tower |
| 4:09 | Boots of Speed |
| 4:21 | Staff of Teleportation |
| 4:34 | Watch Tower |
| 4:54 | Spiked Barricades |
| 5:37 | Beastiary |
| 5:41 | Pillage |
| 5:43 | Steel Melee Weapons |
| 6:05 | Critical Strike |
| 6:10 | Beastiary |
| 6:35 | Lesser Clarity Potion |
| 6:43 | Raider |
| 6:47 | Orc Burrow |
| 7:02 | Raider |
| 7:15 | Ensnare |
| 7:18 | Thorium Melee Weapons |
| 7:19 | Raider |
| 7:43 | Raider |
| 8:20 | Orc Burrow |
| 8:21 | Raider |
| 9:29 | Wind Walk |
| 9:37 | Raider |
| 9:37 | Raider |
| 9:45 | Steel Armor |
| 10:18 | Raider |
| 12:10 | Critical Strike |
| 13:17 | Fortress |
| 13:19 | Thorium Armor |
| Right click | 862 |
| Assign group | 461 |
| Select group | 245 |
| Select | 153 |
| Build/train/purchase | 62 |
| Use ability | 29 |
| Chat | 29 |
| Misc. action | 6 |
| Item give/drop | 1 |
| Remove unit | 1 |



| Boots of Speed | 2 | 500 |
| Staff of Teleportation | 2 | 300 |
| Periapt of Vitality | 1 | 325 |
| Circlet of Nobility | 1 | 175 |
| Healing Salve | 4 | 400 |
| total: | 10 | 1700g |
| Peasant | 15 | 1125 | / | 0 |
| Priest | 1 | 135 | / | 10 |
| total: | 16 | 1260g | / | 10w |
| Scout Tower | 21 | 630 | / | 420 |
| Arcane Tower | 6 | 420 | / | 300 |
| Guard Tower | 12 | 840 | / | 600 |
| Altar of Kings | 1 | 180 | / | 50 |
| Farm | 4 | 320 | / | 80 |
| Lumber Mill | 1 | 120 | / | 0 |
| Town Hall | 1 | 385 | / | 205 |
| Arcane Vault | 2 | 260 | / | 60 |
| Arcane Sanctum | 1 | 150 | / | 140 |
| Keep | 1 | 320 | / | 210 |
| Castle | 1 | 360 | / | 210 |
| total: | 31 | 2045g | / | 955w |
| 0:03 | Peasant |
| 0:03 | Peasant |
| 0:14 | Altar of Kings |
| 0:20 | Farm |
| 0:21 | Peasant |
| 0:22 | Peasant |
| 0:43 | Lumber Mill |
| 0:46 | Scout Tower |
| 1:00 | Peasant |
| 1:20 | Farm |
| 1:27 | Peasant |
| 1:28 | Peasant |
| 1:29 | Peasant |
| 1:33 | Scout Tower |
| 1:35 | Peasant |
| 1:41 | Arcane Tower |
| 1:58 | Peasant |
| 2:14 | Blizzard |
| 2:15 | Guard Tower |
| 2:16 | Scout Tower |
| 2:22 | Peasant |
| 2:35 | Peasant |
| 2:36 | Scout Tower |
| 2:37 | Peasant |
| 3:04 | Guard Tower |
| 3:05 | Scout Tower |
| 3:18 | Guard Tower |
| 3:36 | Keep |
| 3:42 | Healing Salve |
| 3:51 | Guard Tower |
| 3:55 | Scout Tower |
| 3:56 | Scout Tower |
| 3:56 | Scout Tower |
| 4:03 | Boots of Speed |
| 4:03 | Staff of Teleportation |
| 4:19 | Improved Masonry |
| 4:24 | Farm |
| 4:27 | Farm |
| 4:52 | Brilliance Aura |
| 5:06 | Town Hall |
| 5:11 | Scout Tower |
| 5:11 | Scout Tower |
| 5:12 | Scout Tower |
| 5:13 | Scout Tower |
| 6:10 | Guard Tower |
| 6:11 | Guard Tower |
| 6:15 | Scout Tower |
| 6:23 | Healing Salve |
| 6:46 | Guard Tower |
| 7:16 | Arcane Tower |
| 7:17 | Peasant |
| 7:34 | Storm Bolt |
| 7:39 | Blizzard |
| 8:04 | Healing Salve |
| 8:23 | Castle |
| 8:25 | Arcane Sanctum |
| 8:26 | Arcane Vault |
| 8:27 | Guard Tower |
| 8:29 | Arcane Vault |
| 8:46 | Boots of Speed |
| 8:46 | Staff of Teleportation |
| 8:49 | Periapt of Vitality |
| 8:49 | Circlet of Nobility |
| 8:57 | Peasant |
| 9:04 | Scout Tower |
| 9:04 | Scout Tower |
| 9:05 | Scout Tower |
| 9:05 | Scout Tower |
| 9:06 | Advanced Masonry |
| 9:07 | Improved Lumber Harvesting |
| 9:11 | Healing Salve |
| 9:19 | Scout Tower |
| 9:20 | Scout Tower |
| 9:20 | Scout Tower |
| 9:21 | Scout Tower |
| 9:37 | Guard Tower |
| 10:00 | Magic Sentry |
| 10:01 | Priest |
| 10:14 | Arcane Tower |
| 10:18 | Arcane Tower |
| 10:56 | Bash |
| 11:29 | Arcane Tower |
| 12:59 | Brilliance Aura |
| 13:59 | Holy Light |
| Right click | 1269 |
| Select | 312 |
| Select group | 188 |
| Chat | 174 |
| Build/train/purchase | 75 |
| Use ability | 42 |
| Assign group | 11 |
| Misc. action | 4 |
| Item give/drop | 4 |
| Minimap ping | 1 |


| Staff of Teleportation | 1 | 150 |
| total: | 1 | 150g |
| Peasant | 24 | 1800 | / | 0 |
| total: | 24 | 1800g | / | 0w |
| Scout Tower | 40 | 1200 | / | 800 |
| Arcane Tower | 1 | 70 | / | 50 |
| Guard Tower | 25 | 1750 | / | 1250 |
| Altar of Kings | 1 | 180 | / | 50 |
| Farm | 4 | 320 | / | 80 |
| Lumber Mill | 1 | 120 | / | 0 |
| Town Hall | 3 | 1155 | / | 615 |
| Keep | 1 | 320 | / | 210 |
| total: | 49 | 2975g | / | 1545w |
| 0:00 | Peasant |
| 0:03 | Altar of Kings |
| 0:07 | Peasant |
| 0:16 | Farm |
| 0:25 | Peasant |
| 0:34 | Peasant |
| 0:47 | Peasant |
| 0:56 | Peasant |
| 0:59 | Scout Tower |
| 1:00 | Scout Tower |
| 1:16 | Scout Tower |
| 1:18 | Lumber Mill |
| 1:19 | Peasant |
| 1:28 | Arcane Tower |
| 1:43 | Peasant |
| 1:55 | Peasant |
| 2:03 | Blizzard |
| 2:07 | Farm |
| 2:28 | Guard Tower |
| 2:28 | Peasant |
| 3:03 | Peasant |
| 3:29 | Peasant |
| 3:30 | Peasant |
| 3:51 | Peasant |
| 3:54 | Scout Tower |
| 4:23 | Brilliance Aura |
| 4:37 | Town Hall |
| 4:42 | Scout Tower |
| 4:43 | Scout Tower |
| 4:43 | Scout Tower |
| 4:47 | Guard Tower |
| 4:49 | Farm |
| 4:58 | Scout Tower |
| 4:58 | Scout Tower |
| 4:59 | Scout Tower |
| 5:15 | Guard Tower |
| 5:35 | Improved Masonry |
| 5:38 | Guard Tower |
| 5:41 | Guard Tower |
| 5:47 | Guard Tower |
| 6:08 | Peasant |
| 6:10 | Farm |
| 6:16 | Scout Tower |
| 6:16 | Scout Tower |
| 6:17 | Scout Tower |
| 6:18 | Scout Tower |
| 6:21 | Staff of Teleportation |
| 6:26 | Peasant |
| 6:28 | Peasant |
| 6:33 | Peasant |
| 6:36 | Peasant |
| 6:45 | Guard Tower |
| 6:57 | Guard Tower |
| 7:23 | Guard Tower |
| 7:24 | Scout Tower |
| 7:25 | Scout Tower |
| 7:25 | Scout Tower |
| 7:25 | Scout Tower |
| 7:26 | Peasant |
| 7:42 | Guard Tower |
| 7:42 | Peasant |
| 7:43 | Peasant |
| 7:45 | Keep |
| 7:47 | Peasant |
| 8:15 | Guard Tower |
| 8:16 | Scout Tower |
| 8:17 | Scout Tower |
| 8:17 | Scout Tower |
| 8:18 | Scout Tower |
| 8:23 | Guard Tower |
| 8:36 | Guard Tower |
| 9:00 | Guard Tower |
| 9:01 | Scout Tower |
| 9:02 | Scout Tower |
| 9:02 | Scout Tower |
| 9:02 | Scout Tower |
| 9:31 | Town Hall |
| 9:38 | Blizzard |
| 9:43 | Town Hall |
| 9:45 | Scout Tower |
| 9:46 | Scout Tower |
| 9:46 | Scout Tower |
| 9:47 | Scout Tower |
| 9:54 | Scout Tower |
| 9:57 | Guard Tower |
| 10:11 | Guard Tower |
| 10:18 | Guard Tower |
| 10:21 | Guard Tower |
| 10:38 | Peasant |
| 11:34 | Scout Tower |
| 11:35 | Scout Tower |
| 11:39 | Scout Tower |
| 11:47 | Acid Bomb |
| 12:20 | Guard Tower |
| 12:21 | Scout Tower |
| 12:22 | Scout Tower |
| 12:23 | Scout Tower |
| 12:23 | Scout Tower |
| 12:33 | Guard Tower |
| 13:01 | Guard Tower |
| 13:22 | Guard Tower |
| 13:23 | Scout Tower |
| 13:24 | Scout Tower |
| 13:29 | Healing Spray |
| 13:53 | Guard Tower |
| 13:56 | Guard Tower |
| Right click | 778 |
| Select | 356 |
| Select group | 157 |
| Chat | 99 |
| Assign group | 94 |
| Build/train/purchase | 75 |
| Use ability | 15 |
| Misc. action | 5 |
| Minimap ping | 5 |
| Remove unit | 4 |
/ 0.4k
26 buildings @ 3.6k
/ 0.8k

| Acolyte | 10 | 750 | / | 0 |
| Ghoul | 2 | 240 | / | 0 |
| total: | 12 | 990g | / | 0w |
| Graveyard | 2 | 430 | / | 0 |
| Ziggurat | 1 | 150 | / | 50 |
| Crypt | 1 | 200 | / | 50 |
| Altar of Darkness | 1 | 180 | / | 50 |
| total: | 5 | 960g | / | 150w |
| 0:10 | Graveyard |
| 0:19 | Ziggurat |
| 0:29 | Crypt |
| 0:40 | Graveyard |
| 0:54 | Acolyte |
| 1:27 | Acolyte |
| 1:27 | Acolyte |
| 1:49 | Altar of Darkness |
| 2:06 | Ghoul |
| 2:13 | Ghoul |
| 3:47 | Acolyte |
| 3:47 | Acolyte |
| 4:04 | Death Coil |
| 4:36 | Acolyte |
| 5:27 | Unholy Strength |
| 8:32 | Acolyte |
| 8:33 | Acolyte |
| 8:35 | Acolyte |
| 8:36 | Acolyte |
| Right click | 422 |
| Select | 70 |
| Build/train/purchase | 17 |
| Use ability | 6 |
| Misc. action | 2 |
| Esc | 2 |

| Peasant | 12 | 900 | / | 0 |
| Footman | 8 | 1080 | / | 0 |
| Rifleman | 5 | 1025 | / | 150 |
| total: | 25 | 3005g | / | 150w |
| Scout Tower | 3 | 90 | / | 60 |
| Arcane Tower | 1 | 70 | / | 50 |
| Guard Tower | 2 | 140 | / | 100 |
| Barracks | 1 | 160 | / | 60 |
| Farm | 5 | 400 | / | 100 |
| Altar of Kings | 1 | 180 | / | 50 |
| Lumber Mill | 1 | 120 | / | 0 |
| Blacksmith | 1 | 140 | / | 60 |
| Keep | 1 | 320 | / | 210 |
| Castle | 1 | 360 | / | 210 |
| total: | 12 | 1090g | / | 330w |
| 0:11 | Peasant |
| 0:11 | Peasant |
| 0:12 | Peasant |
| 0:12 | Peasant |
| 0:15 | Peasant |
| 1:11 | Barracks |
| 2:02 | Peasant |
| 2:02 | Peasant |
| 2:13 | Farm |
| 2:53 | Altar of Kings |
| 3:09 | Footman |
| 3:09 | Footman |
| 3:10 | Footman |
| 3:10 | Footman |
| 3:10 | Footman |
| 3:56 | Scout Tower |
| 4:16 | Keep |
| 4:28 | Farm |
| 5:13 | Farm |
| 6:41 | Peasant |
| 6:41 | Peasant |
| 6:41 | Peasant |
| 6:42 | Peasant |
| 6:42 | Peasant |
| 6:53 | Arcane Tower |
| 7:27 | Scout Tower |
| 8:08 | Lumber Mill |
| 8:37 | Farm |
| 9:29 | Blacksmith |
| 10:08 | Blizzard |
| 10:44 | Scout Tower |
| 10:53 | Castle |
| 11:03 | Rifleman |
| 11:04 | Rifleman |
| 11:04 | Rifleman |
| 11:06 | Rifleman |
| 11:07 | Rifleman |
| 11:27 | Guard Tower |
| 11:38 | Farm |
| 11:49 | Guard Tower |
| 12:52 | Footman |
| 12:53 | Footman |
| 13:24 | Footman |
| Right click | 262 |
| Select | 207 |
| Build/train/purchase | 36 |
| Use ability | 6 |
| Resource trade | 6 |
| Esc | 3 |
| Remove unit | 2 |

| Peon | 9 | 675 | / | 0 |
| Troll Headhunter | 12 | 1680 | / | 240 |
| total: | 21 | 2355g | / | 240w |
| Orc Burrow | 5 | 800 | / | 200 |
| Barracks | 2 | 360 | / | 100 |
| War Mill | 1 | 205 | / | 0 |
| Altar of Storms | 1 | 180 | / | 50 |
| total: | 9 | 1545g | / | 350w |
| 0:28 | Peon |
| 0:43 | Peon |
| 0:49 | Orc Burrow |
| 0:52 | Peon |
| 1:18 | Barracks |
| 1:21 | Peon |
| 1:22 | Peon |
| 1:47 | Peon |
| 2:26 | Orc Burrow |
| 2:38 | Peon |
| 2:57 | War Mill |
| 3:35 | Altar of Storms |
| 3:57 | Barracks |
| 4:10 | Steel Melee Weapons |
| 4:15 | Orc Burrow |
| 4:18 | Troll Headhunter |
| 4:25 | Steel Ranged Weapons |
| 4:27 | Steel Armor |
| 4:35 | Troll Headhunter |
| 5:06 | Orc Burrow |
| 5:16 | Spiked Barricades |
| 5:20 | Troll Headhunter |
| 6:30 | Wind Walk |
| 6:50 | Troll Headhunter |
| 6:51 | Troll Headhunter |
| 6:53 | Troll Headhunter |
| 7:43 | Orc Burrow |
| 8:10 | Troll Headhunter |
| 8:10 | Troll Headhunter |
| 8:13 | Troll Headhunter |
| 8:13 | Troll Headhunter |
| 9:03 | Peon |
| 9:03 | Peon |
| 9:06 | Troll Headhunter |
| 9:06 | Troll Headhunter |
| Right click | 343 |
| Select | 146 |
| Build/train/purchase | 33 |
| Esc | 5 |
| Resource trade | 5 |
⇛